 Dungeon Crawl Stone Soup version 0.29-a0-284-gf9362112df (webtiles) character file.

Game seed: 7966482648627636442

361 mistaj the Skirmisher (level 6, -16/49 HPs)
             Began as a Demonspawn Fighter on Mar 22, 2022.
             Was an Initiate of Gozag.
             Demolished by an ogre
             ... wielding a +0 giant spiked club
              (33 damage)
             ... on level 4 of the Dungeon.
             The game lasted 00:05:49 (3999 turns).

mistaj the Skirmisher (Demonspawn Fighter)          Turns: 3999, Time: 00:05:49

Health: -16/49     AC: 11    Str: 19    XL:     6   Next: 38%
Magic:  6/6        EV:  7    Int:  9    God:    Gozag
Gold:   348        SH:  5    Dex: 18    Spells: 5/5 levels left

rFire   . . .      SeeInvis .   b - +1 short sword (vamp)
rCold   . . .      Faith    .   c - +0 buckler
rNeg    . . .      Spirit   .   o - +0 chain mail
rPois   .          Reflect  .   r - +0 helmet
rElec   .          Harm     .   (no cloak)
rCorr   .          Rampage  .   (no gloves)
Will    .....                   k - +0 pair of boots
Stlth   ..........              (no amulet)
HPRegen 0.16/turn               e - +6 ring of dexterity
MPRegen 0.10/turn               (no ring)

@: no status effects
A: spiny 1, demonic touch 2
a: Renounce Religion, Potion Petition, Call Merchant, Bribe Branch


You were on level 4 of the Dungeon.
You worshipped Gozag.
Gozag was aware of your devotion.
You visited 1 branch of the dungeon, and saw 4 of its levels.

You collected 409 gold pieces.
You paid 61 gold pieces to Gozag.

Inventory:

Hand Weapons
 a - a +0 long sword
 b - a +1 vampiric short sword (weapon)
Missiles
 f - 8 poisoned darts (quivered)
Armour
 c - a +0 buckler (worn)
 k - a +0 pair of boots (worn)
 o - a +0 chain mail (worn)
 r - a +0 helmet (worn)
Jewellery
 e - a +6 ring of dexterity (left hand)
 u - a +6 ring of intelligence
Wands
 v - a wand of flame (13)
 w - a wand of polymorph (5)
Scrolls
 g - 9 scrolls of identify {unknown}
 h - a scroll of enchant weapon {unknown}
 i - 3 scrolls of teleportation {unknown}
 n - 2 scrolls of brand weapon {unknown}
 p - 2 scrolls of vulnerability {unknown}
 q - a scroll of immolation {unknown}
 t - 2 scrolls of blinking {unknown}
 x - a scroll of enchant armour {unknown}
Potions
 d - a potion of might
 j - a potion of brilliance {unknown}
 l - 4 potions of haste {unknown}
 m - 4 potions of curing {unknown}
 s - a potion of berserk rage {unknown}


   Skills:
 + Level 4.7 Fighting
 * Level 3.3(3.6) Short Blades
 - Level 1.7(2.8) Long Blades
 - Level 2.6 Armour
 + Level 4.3 Shields


You had 5 spell levels left.
You didn't know any spells.
Your spell library contained the following spells:

 Spells                   Type           Power      Damage    Failure   Level
 Gell's Gravitas          Tloc           0%         N/A       100%        3
 Teleport Other           Tloc           0%         N/A       100%        3
 Dispersal                Tloc           0%         N/A       100%        6


Dungeon Overview and Level Annotations

Branches:
Dungeon (4/15)
 Temple: D:4-7

Altars:
Ashenzari
Gozag
Kikubaaqudgha
Vehumet
Xom


Innate Abilities, Weirdness & Mutations

You are partially covered in sharp spines.
Your touch may inflict irresistible damage on your foes.


Message History

The ogre is poisoned.
You barely miss the ogre.
The ogre is lightly wounded.
The ogre is struck by your spines.
The ogre hits you with a +0 giant spiked club!!
Ouch! That really hurt!
You hit the ogre.
You feel better.
The ogre is moderately wounded.
The ogre attacks as you move away! You block the ogre's attack.
The ogre looks more healthy.
The ogre attacks as you move away! The ogre closely misses you.
There is a stone staircase leading up, spattered with blood here.
You climb upwards.
There is a stone staircase leading down, spattered with blood here.
You start resting.
HP restored.
There is a stone staircase leading down here.
You climb downwards.
There is a stone staircase leading up here.
The ogre shouts!
You hit the ogre.
The ogre is lightly wounded.
The ogre hits you with a +0 giant spiked club!
You hit the ogre.
The ogre is moderately wounded.
You hit the ogre.
The ogre is heavily wounded.
The ogre barely misses you.
You puncture the ogre!
You feel better.
The ogre is severely wounded.
You barely miss the ogre.
The ogre is severely wounded.
The ogre hits you with a +0 giant spiked club!!
Ouch! That really hurt!
You hit the ogre.
The ogre is almost dead.
The ogre hits you with a +0 giant spiked club!!
Ouch! That really hurt!
You die...
Your body crumbles into a pile of gold.

....#...#'#.....##.....####.#.##.
#(.)#..##.#####.#####....##.#.#..
#...#.##...#..#.# #.##........#
###.#.#......##.# #.##.........
#####.#########.#####.##.##......
.............................#...
###.###..#......<.........##.....
................###.....###.>...
##########......@#...###.#.......
####...O........#.......
##....................#
#...............#.###.#
#...............#.###..
#.................#...#
#......................
#...........<..........
#......................


You could see an ogre.

Vanquished Creatures
  A scorpion (D:4)
  A necrophage (D:4)
  2 hounds (D:4)
  An orc priest (D:3)
  An orc wizard (D:3)
  Robin (D:2)
  3 adders
  An ufetubus (D:4)
  A worm (D:3)
  2 dart slugs
  11 orcs
  3 endoplasms
  2 giant cockroaches
  12 goblins
  5 hobgoblins
  4 jackals (D:1)
  4 kobolds
  2 quokkas (D:4)
  7 ball pythons
  2 bats (D:1)
  4 rats
70 creatures vanquished.

Notes
Turn   | Place    | Note
-------+----------+-------------------------------------------
     0 | D:1      | mistaj the Demonspawn Fighter began the quest for the Orb.
     0 | D:1      | Reached XP level 1. HP: 18/18 MP: 1/1
   535 | D:1      | Gained mutation: Your touch may inflict minor irresistible
                  | damage on your foes. [demonic ancestry]
   535 | D:1      | Reached XP level 2. HP: 24/24 MP: 2/2
  1073 | D:2      | Gained mutation: Your touch may inflict irresistible damage
                  | on your foes. [demonic ancestry]
  1073 | D:2      | Reached XP level 3. HP: 29/30 MP: 3/3
  1586 | D:2      | Noticed Robin
  1601 | D:2      | Killed Robin
  1772 | D:2      | Gained mutation: You are partially covered in sharp spines.
                  | [demonic ancestry]
  1772 | D:2      | Reached XP level 4. HP: 37/37 MP: 4/4
  1806 | D:2      | Found a faded altar of an unknown god.
  1966 | D:3      | Reached skill level 1 in Short Blades
  2097 | D:3      | Found an opulent altar of Gozag.
  2271 | D:3      | Found a radiant altar of Vehumet.
  2437 | D:3      | Found a faded altar of an unknown god.
  2437 | D:3      | Found an ancient bone altar of Kikubaaqudgha.
  2449 | D:3      | Found a shimmering altar of Xom.
  2451 | D:3      | Found a faded altar of an unknown god.
  2453 | D:3      | Found a broken altar of Ashenzari.
  2502 | D:3      | Became a worshipper of Gozag Ym Sagoz the Greedy
  2696 | D:3      | Reached XP level 5. HP: 32/42 MP: 5/5
  2884 | D:4      | Reached XP level 6. HP: 37/49 MP: 6/6
  3337 | D:4      | HP: 2/49 [ogre/+0 giant spiked club (15)]
  3999 | D:4      | Demolished by an ogre

Illustrated notes

Levels and vault maps discovered:
D:1:      elethiomel_arrival_infinity_welcomes_careful_drivers,
          layout_loops_corners, grunt_decor_mini_mirrors, minmay_split_cup_small
D:2:      layout_basic, shapermc_ecumenical_altar_mp_vishouse,
          kennysheep_generic_room_6, uniq_robin
D:3:      layout_basic, mainiacjoe_overflow_paths, lemuel_crystal_altar,
          chequers_temple_overflow_minitemple
D:4:      layout_rooms, minmay_pentangle

Skill      XL: |  1  2  3  4  5 |
---------------+----------------+-----
Shields        | 3 4 |  4.3
Fighting       | 4 |  4.7
Short Blades   | 2 3 |  3.3
Long Blades    | |  1.7
Armour         | |  2.6

Action                   |  1- 3 |  4- 6 || total
-------------------------+-------+-------++-------
Melee: Long sword        |    67 |       ||    67
       Short sword       |    37 |   101 ||   138
Throw: Dart              |       |     1 ||     1
Armor: Scale mail        |    32 |       ||    32
       Chain mail        |    32 |    45 ||    77
Dodge: Dodged            |    33 |    27 ||    60
Block: Buckler           |    37 |    18 ||    55

Table legend: (Time is in decaauts)
 A = Elapsed time spent in this place.
 B = Non-inter-level travel time spent in this place.
 C = Inter-level travel time spent in this place.
 D = Time resting spent in this place.
 E = Time spent auto-exploring this place.
 F = Levels seen in this place.
 G = Mean time per level.
                   A        B        C        D        E       F      G
               +--------+--------+--------+--------+--------+-----+--------+
         Total |   4031 |   3875 |    156 |   1355 |   1776 |   4 | 1007.8 |
       Dungeon |   4031 |   3875 |    156 |   1355 |   1776 |   4 | 1007.8 |
               +--------+--------+--------+--------+--------+-----+--------+

Top non-repeatable levels by time:
     D:3: 1410 daAuts
     D:1: 1065 daAuts
     D:2: 804 daAuts
     D:4: 751 daAuts
